 Dungeon Crawl Stone Soup version 0.27.1-1-g398f81649c (webtiles) character file.

Game seed: 7737648915832172330

103 acemry the Changer (level 4, -2/28 HPs)
             Began as an Octopode Transmuter on Sept 6, 2021.
             Slain by an orc (10 damage)
             ... on level 3 of the Dungeon.
             The game lasted 00:04:24 (3269 turns).

acemry the Changer (Octopode Transmuter)            Turns: 3269, Time: 00:04:24

Health: -2/28      AC:  1    Str:  9    XL:     4   Next: 79%
Magic:  16/16      EV: 13    Int: 16    God:
Gold:   52         SH:  0    Dex: 12    Spells: 6/7 levels left

rFire    . . .     SeeInvis .   g - +0 rapier
rCold    . . .     Faith    .   (no shield)
rNeg     . . .     Spirit   .   (helmet currently unavailable)
rPois    .         Reflect  .   (no amulet)
rElec    .         Harm     .   a - ring of magical power
rCorr    +         Rampage  .   b - ring of resist corrosion
Will     +....                  h - ring of willpower
Stlth    ++........             (no ring)
HPRegen  0.09/turn              (no ring)
MPRegen  0.15/turn              (no ring)
                                (no ring)
                                (no ring)

@: appendages, flying
A: tentacle spike 3, almost no armour, amphibious, 8 rings, camouflage 1,
gelatinous body 1, (nimble swimmer 1), tentacles
a: End Transformation


You were on level 3 of the Dungeon.
One of your tentacles had grown a beastly spike.
You visited 1 branch of the dungeon, and saw 3 of its levels.

You collected 52 gold pieces.

Inventory:

Hand Weapons
 g - a +0 rapier (weapon)
Jewellery
 a - a ring of magical power (left tentacle)
 b - a ring of resist corrosion (right tentacle)
 h - a ring of willpower (on tentacle)
Scrolls
 c - a scroll of enchant armour
 e - a scroll of magic mapping
 k - a scroll of blinking {unknown}
Potions
 d - a potion of flight
 f - a potion of brilliance {unknown}
 i - a potion of attraction {unknown}
 j - a potion of magic {unknown}


   Skills:
 - Level 1.0 Fighting
 - Level 2.0 Dodging
 - Level 3.0 Unarmed Combat
 - Level 2.0 Spellcasting
 + Level 4.8 Transmutations


You had 6 spell levels left.
You knew the following spells:

 Your Spells              Type           Power      Damage    Failure   Level
a - Beastly Appendage     Tmut           34%        N/A       2%          1

Your spell library contained the following spells:

 Spells                   Type           Power      Damage    Failure   Level
 Wereblood                Tmut           17%        N/A       4%          2
 Spider Form              Tmut/Pois      4%         N/A       22%         3
 Ice Form                 Ice/Tmut       9%         N/A       58%         4


Dungeon Overview and Level Annotations

Branches:
Dungeon (3/15)

Altars:


Innate Abilities, Weirdness & Mutations

One of your tentacles has grown a beastly spike.
You cannot wear most types of armour.
You are amphibious.
You can wear up to eight rings at the same time.
Your skin changes colour to match your surroundings (Stealth+).
Your rubbery body absorbs attacks. (AC +1, EV +1)
((You are camouflaged near water. (Stealth+)))
You have tentacles for arms and can constrict up to eight enemies at once.


Message History

Nothing appears to happen.
There is an open door here.
The helpless hobgoblin fails to defend itself.
You hit the hobgoblin. Your grab misses the hobgoblin.
You squeeze the hobgoblin.
You kill the hobgoblin!
No target in view!
Your transformation is almost over.
Your magical contamination has completely faded away.
There is an open door here.
You open the door.
Found a stone staircase leading down.
There is an open door here.
Your tentacle spike disappears.
There is an open door here.
An orc comes into view. It is wielding a +0 hand axe.
An orc is nearby!
The orc throws a boomerang.
The boomerang hits you.
An orc comes into view. It is wielding a +0 flail.
The orc shouts!
You hear a shout!
An orc comes into view. It is wielding a +0 flail.
An orc comes into view. It is wielding a +0 club.
The orc shouts!
The orc throws a boomerang.
The boomerang barely misses you.
An orc priest comes into view. It is wielding a +0 club.
One of your tentacles grows a vicious spike.
The orc throws a boomerang.
The boomerang barely misses you.
The orc throws a boomerang.
The boomerang completely misses you.
The orc priest calls down the wrath of Beogh upon you.
Beogh smites you!
You barely miss the orc. You grab the orc. You constrict the orc.
The orc closely misses you.
The orc priest looks encouraged for a moment.
You release your grip on the orc.
The orc hits you with a +0 hand axe!
* * * LOW HITPOINT WARNING * * *
It was a potion of flight.
You feel very buoyant.
You fly up into the air.
The orc hits you with a +0 flail!
You die...

#..####..###+# #....#
.............#+#####.#..#+##
...........8.........#.....#
#..P.###+#...........#.....#
#.#)## #'##..####..#.....###
..#.(# #.)#..#..#...........
..#..# #..#..'..#..o........
#.###########..####.o#########
#...............@ooo.#
##........####.##############
#..........# #...............
#..........#####'####........
#.########.#......##.........
#.# #.#...>..##......... #.#
#.#......##.######## #.#
#.#......##.# #.#
#.#########.#


You could see an orc priest and 4 orcs.

Vanquished Creatures
  A centaur skeleton (D:2)
  4 adders (D:2)
  A worm (D:2)
  4 endoplasms
  4 goblins
  6 hobgoblins
  4 jackals (D:1)
  2 kobolds
  2 quokkas
  2 bats
  3 frilled lizards
  4 rats
37 creatures vanquished.

Notes
Turn   | Place    | Note
-------+----------+-------------------------------------------
     0 | D:1      | acemry the Octopode Transmuter began the quest for the Orb.
     0 | D:1      | Reached XP level 1. HP: 13/13 MP: 3/3
   601 | D:1      | Reached XP level 2. HP: 18/18 MP: 5/5
  1102 | D:1      | Reached skill level 3 in Transmutations
  1582 | D:2      | Reached XP level 3. HP: 12/23 MP: 6/6
  1771 | D:2      | Reached skill level 4 in Transmutations
  1957 | D:2      | Reached XP level 4. HP: 8/28 MP: 7/7
  3269 | D:3      | Slain by an orc

Illustrated notes

Levels and vault maps discovered:
D:1:      amcnicky_arrival_blooded_trapdoor, layout_loops_corners,
          kennysheep_small_spiral
D:2:      layout_basic, minivault_25
D:3:      corexii_shack_village, layout_basic,
          shapermc_ecumenical_altar_rom_forum, kennysheep_generic_room_2

Skill      XL: |  1  2  3 |
---------------+----------+-----
Transmutations | 3 4 |  4.8
Fighting       | |  1.0
Dodging        | |  2.0
Unarmed Combat | |  3.0
Spellcasting   | |  2.0

Action                   |  1- 3 |  4- 6 || total
-------------------------+-------+-------++-------
Melee: Unarmed           |    52 |       ||    52
       Constrict         |    14 |     4 ||    18
       Kick              |    10 |     3 ||    13
       Tentacles         |     6 |     1 ||     7
       Punch             |     1 |       ||     1
       Rapier            |    14 |    29 ||    43
 Cast: Beastly Appendage |    18 |    14 ||    32
  Use: Scroll            |     3 |       ||     3
       Potion            |       |     1 ||     1
 Stab: Sleeping          |     2 |     5 ||     7
       Distracted        |     1 |       ||     1
Armor: Skin              |     5 |       ||     5
Dodge: Dodged            |    42 |    21 ||    63
